 Dungeon Crawl Stone Soup version 0.24.0-29-g8ce449bc06 (webtiles) character file.

Game seed: 16607535208637770638, levelgen mode: deterministic

3889 Flugslaktarn the Cleaver (level 10, -2/88 HPs)
             Began as a Minotaur Fighter on Nov 13, 2019.
             Was an Initiate of Makhleb.
             Killed from afar by an orc wizard (11 damage)
             ... with a puff of flame
             ... on level 7 of the Dungeon.
             The game lasted 00:04:23 (7038 turns).

Flugslaktarn the Cleaver (Minotaur Fighter)         Turns: 7038, Time: 00:04:23

Health: -2/88      AC: 11    Str: 23    XL:     10   Next: 0%
Magic:  11/11      EV: 17    Int:  5    God:    Makhleb [......]
Gold:   187        SH:  0    Dex: 15    Spells: 9/9 levels left

rFire    . . .     SeeInvis .   f - +3 battleaxe (flame)
rCold    . . .     Gourm    .   (shield currently unavailable)
rNeg     . . .     Faith    .   u - +2 leather armour {rPois}
rPois    +         Spirit   .   (helmet unavailable)
rElec    .         Reflect  .   B - +1 cloak
rCorr    +         Harm     .   (no gloves)
MR       .....                  D - +2 pair of boots
Stlth    ++........             i - amulet of rage
HPRegen  0.24/turn              k - ring of resist corrosion
MPRegen  0.12/turn              (no ring)

@: no status effects
A: retaliatory headbutt, horns 3, repulsion field 1, thin skeletal structure 1,
agile 1, evolution 1
a: Renounce Religion, Evoke Berserk Rage


You were on level 7 of the Dungeon.
You worshipped Makhleb.
Makhleb was noncommittal.
You were not hungry.

You visited 2 branches of the dungeon, and saw 8 of its levels.

You collected 287 gold pieces.
You spent 100 gold pieces at shops.

Inventory:

Hand Weapons
 a - a +0 war axe
 f - a +3 battleaxe of flaming (weapon)
   (You took it off an orc warrior on level 7 of the Dungeon)
 j - a +0 hand axe of venom
   (You took it off an orc on level 3 of the Dungeon)
Armour
 c - a +0 shield
 u - a +2 leather armour of poison resistance (worn)
   (You took it off an orc on level 3 of the Dungeon)
 B - a +1 cloak (worn)
   (You took it off Crazy Yiuf on level 6 of the Dungeon)
 D - a +2 pair of boots (worn)
   (You found it on level 6 of the Dungeon)
Jewellery
 i - an amulet of rage (around neck)
   (You bought it in a shop on level 5 of the Dungeon)
 k - a ring of resist corrosion (left hand)
   (You found it on level 1 of the Dungeon)
 n - an uncursed ring of positive energy
   (You found it on level 1 of the Dungeon)
Wands
 F - a wand of enslavement (8)
   (You found it on level 6 of the Dungeon)
Scrolls
 h - 2 scrolls of fog
 m - a scroll of enchant weapon {unknown}
 p - 2 scrolls of blinking {unknown}
 r - a scroll of identify
 t - a scroll of teleportation
 w - 3 scrolls of remove curse
 z - 2 scrolls of immolation
 A - a scroll of magic mapping {unknown}
 C - a scroll of summoning {unknown}
 E - a scroll of fear {unknown}
Potions
 d - 5 potions of might
 g - 5 potions of flight
 l - 2 potions of degeneration
 s - 2 potions of brilliance
 v - 3 potions of heal wounds
 x - a potion of lignification
Comestibles
 b - 2 chunks of flesh
 e - 12 rations


   Skills:
 + Level 7.6 Fighting
 * Level 9.8 Axes
 + Level 7.6 Armour
 + Level 5.4 Dodging
 - Level 7.1 Shields
 + Level 2.6 Invocations
 + Level 3.9 Evocations


You had 9 spell levels left.
You didn't know any spells.
Your spell library was empty.

Dungeon Overview and Level Annotations

Branches:
Dungeon (7/15)             Temple (1/1) D:6

Altars:
Dithmenos
Elyvilon
Fedhas
Kikubaaqudgha
Makhleb
Nemelex Xobeh
Okawaru
Ru
Sif Muna
Uskayaw
Vehumet
Xom
Yredelemnul

Shops:
D:5 *


Innate Abilities, Weirdness & Mutations

You reflexively headbutt those who attack you in melee.
You have a pair of large horns on your head.
You are surrounded by a mild repulsion field. (EV +2)
You have a somewhat thin skeletal structure. (Dex +2, Stealth)
You are agile. (Dex +2)
You evolve.


Message History

You are too injured to fight recklessly!
You are too injured to fight recklessly!
You are too injured to fight recklessly!
Unknown command.
The bullfrog skeleton hits you but does no damage.
The bullfrog skeleton misses you.
You slash the bullfrog skeleton! You burn the bullfrog skeleton.
The bullfrog skeleton is almost destroyed.
The bullfrog skeleton barely misses you.
You furiously retaliate!
You headbutt the bullfrog skeleton!
You destroy the bullfrog skeleton!
Makhleb accepts your kill.
You have reached level 10!
You see here a robe.
The centaur shoots an arrow.
The arrow hits you!
* * * LOW HITPOINT WARNING * * *
You see here an arrow.
A puff of flame appears from out of thin air!
The puff of flame hits you!
You die...

...... #.....<......#
..... #....#######.###
.... #....# #....
##a###############....#
#####
.c.o...#.........#(...#
##)###o#.#.#.#.#.#....#
)..# #.#.........#....#
##.#.#.#.#.#.#.#.#..###
........o.co[..(@...#
.#.###.#.#.#.#.#.#..#
#.. #.#.........#..#
#(# #.#.#.#.#.#.#..#
..#.........#..#
#############..# ...#
...#


You could see an orc warrior and a centaur.

Vanquished Creatures
  Pikel (D:6)
  Prince Ribbit (D:5)
  Grinder (D:4)
  A hippogriff (D:7)
  5 yaks (D:7)
  Edmund (D:5)
  2 orc warriors (D:7)
  2 sky beasts
  An ogre (D:7)
  2 centaurs
  2 bullfrogs
  2 howler monkeys
  6 crimson imps
  A bullfrog zombie (D:5)
  2 bullfrog skeletons
  2 hounds
  4 orc priests
  Crazy Yiuf (D:6)
  2 jellies
  7 orc wizards
  3 iguanas
  7 worker ants
  A hound zombie (D:6)
  2 howler monkey zombies (D:6)
  5 gnolls (D:6)
  7 adders
  3 oozes
  6 worms
  A dart slug (D:1)
  2 leopard geckos
  19 orcs
  2 giant cockroaches (D:6)
  6 goblins
  8 hobgoblins
  2 jackals (D:1)
  3 quokkas
  A ball python (D:3)
  6 bats
  A frilled lizard (D:2)
  10 kobolds
  6 rats
147 creatures vanquished.

Vanquished Creatures (others)
  A sky beast (D:6)
  A slave (D:6)
  A hound (D:6)
  An adder (D:6)
  An orc (D:6)
5 creatures vanquished.

Grand Total: 152 creatures vanquished

Notes
Turn   | Place    | Note
-------+----------+-------------------------------------------
     0 | D:1      | Flugslaktarn the Minotaur Fighter began the quest for the
                  | Orb.
     0 | D:1      | Reached XP level 1. HP: 19/19 MP: 0/0
   191 | D:1      | Reached XP level 2. HP: 27/27 MP: 1/1
   338 | D:1      | Reached skill level 3 in Axes
  1073 | D:2      | Reached XP level 3. HP: 28/33 MP: 2/2
  1768 | D:3      | Reached XP level 4. HP: 40/40 MP: 3/3
  1906 | D:3      | Reached skill level 4 in Axes
  2620 | D:4      | Reached XP level 5. HP: 31/47 MP: 4/4
  2776 | D:4      | Reached skill level 1 in Dodging
  2800 | D:4      | Noticed Grinder
  2804 | D:4      | Paralysed by Grinder for 5 turns
  2819 | D:4      | Killed Grinder
  2819 | D:4      | Reached skill level 5 in Axes
  2819 | D:4      | Reached XP level 6. HP: 31/55 MP: 5/5
  3009 | D:4      | Reached skill level 5 in Fighting
  3009 | D:4      | Reached skill level 5 in Armour
  3009 | D:4      | Reached skill level 5 in Shields
  3372 | D:5      | Entered Level 5 of the Dungeon
  3390 | D:5      | Reached XP level 7. HP: 49/61 MP: 6/6
  3495 | D:5      | Found a blossoming altar of Fedhas.
  3532 | D:5      | Reached skill level 6 in Axes
  3781 | D:5      | Found Vurphim's Assorted Antiques.
  3790 | D:5      | Bought a tiny fluorescent amulet for 100 gold pieces
  3967 | D:5      | Noticed Prince Ribbit
  3989 | D:5      | Killed Prince Ribbit
  3989 | D:5      | Reached skill level 1 in Evocations
  4076 | D:5      | Noticed Edmund
  4099 | D:5      | Killed Edmund
  4345 | D:5      | Reached XP level 8. HP: 70/70 MP: 8/8
  4375 | D:5      | Reached skill level 7 in Axes
  5155 | D:6      | Noticed Pikel
  5176 | D:6      | Killed Pikel
  5176 | D:6      | Reached skill level 8 in Axes
  5539 | D:6      | Found a sacrificial altar of Ru.
  5692 | D:6      | Reached XP level 9. HP: 65/78 MP: 10/10
  5865 | D:6      | Found a runed translucent door.
  5866 | D:6      | Noticed Crazy Yiuf
  5946 | D:6      | Found a staircase to the Ecumenical Temple.
  5956 | Temple   | Entered the Ecumenical Temple
  6010 | Temple   | Became a worshipper of Makhleb the Destroyer
  6323 | D:6      | Killed Crazy Yiuf
  6338 | D:6      | Gained mutation: You are frail. (-10% HP) [potion of
                  | mutation]
  6338 | D:6      | Gained mutation: You occasionally shout uncontrollably at
                  | your foes. [potion of mutation]
  6338 | D:6      | Gained mutation: Your spells are a little easier to cast,
                  | but a little less powerful. [potion of mutation]
  6338 | D:6      | Gained mutation: You are surrounded by a mild repulsion
                  | field. (EV +2) [potion of mutation]
  6339 | D:6      | Lost mutation: Your spells are a little easier to cast, but
                  | a little less powerful. [potion of mutation]
  6339 | D:6      | Lost mutation: You occasionally shout uncontrollably at
                  | your foes. [potion of mutation]
  6339 | D:6      | Gained mutation: You have a pair of large horns on your
                  | head. [potion of mutation]
  6339 | D:6      | Gained mutation: You are agile. (Dex +2) [potion of
                  | mutation]
  6340 | D:6      | Lost mutation: You are frail. (-10% HP) [potion of
                  | mutation]
  6340 | D:6      | Gained mutation: You evolve. [potion of mutation]
  6340 | D:6      | Gained mutation: You have a somewhat thin skeletal
                  | structure. (Dex +2, Stealth) [potion of mutation]
  6453 | D:7      | Reached skill level 1 in Invocations
  6697 | D:7      | Reached skill level 9 in Axes
  6796 | D:7      | Reached skill level 5 in Dodging
  7025 | D:7      | Reached XP level 10. HP: 22/88 MP: 11/11
  7038 | D:7      | Killed from afar by an orc wizard

Levels and vault maps discovered:
D:1:      dpeg_arrival_central, layout_loops_ring, hex_medium, minmay_tromino_v2
D:2:      layout_loops_corners, first_ration, serial_forest,
          infiniplex_forest_corner_2, infiniplex_forest_straight_5,
          infiniplex_forest_lined_2, infiniplex_forest_straight_2,
          infiniplex_forest_clump_long
D:3:      minmay_spotlight, layout_basic, minmay_misc_feat_pillars,
          kennysheep_generic_room_6
D:4:      layout_rooms, hangedman_abyss_or_decor_stabs, uniq_grinder
D:5:      layout_basic, fedhas_altar_3, serial_shops, nicolae_shop_statue_plus,
          uniq_prince_ribbit1, uniq_edmund
D:6:      minmay_recursive_quarters, layout_rooms, minmay_temple_entry_hall,
          nicolae_ru_sacrificial_ziggurat, uniq_pikel, uniq_crazy_yiuf_cottage
D:7:      layout_rooms, serial_shops, kennysheep_mini, minmay_the_grid_2x2
          [minmay_the_grid_minigrid_small, minmay_the_grid_medium_cups,
          minmay_the_grid_empty, minmay_the_grid_prize_four_corners_diamond_b]
Temple:   regret_index_temple_sigil_plot

Skill      XL: |  1  2  3  4  5  6  7  8  9 |
---------------+----------------------------+-----
Axes           | 3 4 5 6 8 9 |  9.8
Fighting       | 4 5 6 7 |  7.6
Armour         | 4 5 6 7 |  7.6
Shields        | 4 5 6 7 |  7.1
Dodging        | 1 2 3 4 5 |  5.4
Evocations     | 1 2 3 |  3.9
Invocations    | 2 |  2.6

Action                   |  1- 3 |  4- 6 |  7- 9 | 10-12 || total
-------------------------+-------+-------+-------+-------++-------
Melee: War axe           |    86 |    26 |       |       ||   112
       Headbutt          |    16 |    17 |    50 |       ||    83
       Hand axe          |       |    65 |   210 |       ||   275
       Battleaxe         |       |       |    45 |       ||    45
  Use: Scroll            |       |       |    14 |       ||    14
       Potion            |       |       |     3 |       ||     3
 Stab: Sleeping          |       |       |     2 |       ||     2
       Distracted        |       |       |     1 |       ||     1
  Eat: Chunk             |     3 |     5 |     8 |       ||    16
       Ration            |       |       |     1 |       ||     1
Armor: Scale mail        |    33 |     6 |       |       ||    39
       Leather armour    |       |    13 |    48 |       ||    61
Dodge: Dodged            |    27 |    24 |    96 |       ||   147
Block: Shield            |    45 |    45 |    78 |       ||   168
